Workbook

Sheet Fiche Mission Propal
A2: Code Mission | B2: XXXX | D2: PYRAMIDE EN JH PROPOSITION
A3: Client | B3: IRD
A4: Intitulé Mission | B4: Schéma Directeur des SI
A5: Date | B5: 43115
A6: Associé | B6: G. Scognamiglio
D8: =D20/$O$20 -> 0 | E8: =E20/$O$20 -> 0 | F8: =F20/$O$20 -> 0.19469027 | G8: =G20/$O$20 -> 0 | H8: =H20/$O$20 -> 0 | I8: =I20/$O$20 -> 0.80530973 | J8: =J20/$O$20 -> 0 | K8: =K20/$O$20 -> 0 | ... N8: =N20/$O$20 -> 0
D9: FON | E9: DAS | F9: DMS | G9: MAN34 | H9: MAN12 | I9: SEN34 | J9: SEN12 | K9: ASC | L9: ASD | M9: STT Liban | N9: STT Exter
C10: TJM Budget | D10: ='Données Base'!B3 -> 1600 | E10: ='Données Base'!C3 -> 1500 | F10: ='Données Base'!D3 -> 1200 | G10: ='Données Base'!E3 -> 1000 | H10: ='Données Base'!F3 -> 900 | I10: ='Données Base'!G3 -> 750 | J10: ='Données Base'!H3 -> 750 | K10: ='Données Base'!I3 -> 600 | L10: ='Données Base'!J3 -> 600 | M10: 0 | N10: 0
C11: TJM vendu | F11: 900 | G11: 0 | I11: 750
C12: Staffing | F12: F. Delaunay | I12: B. Morel
D14: MONTANT | E14: TJM
C15: Total au TJM budget | D15: =D20*D$10+E20*E$10+F20*F$10+G20*G$10+H20*H$10+I20*I$10+J20*J$10+K20*K$10+L20*L$10+M20*$M$10+N20*$N$10 -> 94650 | E15: =D15/O20 -> 837.61062
C16: Total au TJM vendu | D16: =C20 -> 88050 | E16: =D16/O20 -> 779.20354
C17: Marge sur TJM budget | D17: =(D16-D15)/D15 -> -0.069730586
C19: MONTANTS | D19: JOURS HOMME | O19: TOTAL JH
B20: TOTAL MISSION | C20: =C22+C29+C36+C43 -> 88050 | D20: =D22+D29+D36+D43 -> 0 | E20: =E22+E29+E36+E43 -> 0 | F20: =F22+F29+F36+F43 -> 22 | G20: =G22+G29+G36+G43 -> 0 | H20: =H22+H29+H36+H43 -> 0 | I20: =I22+I29+I36+I43 -> 91 | J20: =J22+J29+J36+J43 -> 0 | ... N20: =N22+N29+N36+N43 -> 0 | O20: =SUM(D20:N20) -> 113
B22: Phase 1 : Etat des lieux | C22: =SUM(C23:C27) -> 7800 | D22: =SUM(D23:D27) -> 0 | E22: =SUM(E23:E27) -> 0 | F22: =SUM(F23:F27) -> 2 | G22: =SUM(G23:G27) -> 0 | H22: =SUM(H23:H27) -> 0 | I22: =SUM(I23:I27) -> 8 | J22: =SUM(J23:J27) -> 0 | ... N22: =SUM(N23:N27) -> 0 | O22: =SUM(D22:N22) -> 10
B23: Réunion de lancement | C23: =D23*D$11+E23*E$11+F23*F$11+G23*G$11+H23*H$11+I23*I$11+J23*J$11+K23*K$11+L23*L$11+M23*$M$11+N23*$N$11 -> 1650 | F23: 1 | I23: 1 | O23: =SUM(D23:N23) -> 2
B24: Collecte d’information et interviews individuelles | C24: =D24*D$11+E24*E$11+F24*F$11+G24*G$11+H24*H$11+I24*I$11+J24*J$11+K24*K$11+L24*L$11+M24*$M$11+N24*$N$11 -> 750 | I24: 1 | O24: =SUM(D24:N24) -> 1
B25: Elaboration des cartographies de maturité du SI | C25: =D25*D$11+E25*E$11+F25*F$11+G25*G$11+H25*H$11+I25*I$11+J25*J$11+K25*K$11+L25*L$11+M25*$M$11+N25*$N$11 -> 3750 | I25: 5 | O25: =SUM(D25:N25) -> 5
B26: COPIL de synthèse | C26: =D26*D$11+E26*E$11+F26*F$11+G26*G$11+H26*H$11+I26*I$11+J26*J$11+K26*K$11+L26*L$11+M26*$M$11+N26*$N$11 -> 1650 | F26: 1 | I26: 1 | O26: =SUM(D26:N26) -> 2
C27: =D27*D$11+E27*E$11+F27*F$11+G27*G$11+H27*H$11+I27*I$11+J27*J$11+K27*K$11+L27*L$11+M27*$M$11+N27*$N$11 -> 0 | O27: =SUM(D27:N27) -> 0
B29: Phase 2 : Définition de la cible | C29: =SUM(C30:C34) -> 34950 | D29: =SUM(D30:D34) -> 0 | E29: =SUM(E30:E34) -> 0 | F29: =SUM(F30:F34) -> 8 | G29: =SUM(G30:G34) -> 0 | H29: =SUM(H30:H34) -> 0 | I29: =SUM(I30:I34) -> 37 | J29: =SUM(J30:J34) -> 0 | ... N29: =SUM(N30:N34) -> 0 | O29: =SUM(D29:N29) -> 45
B30: Ateliers de travail d'indentification des projets (12 ateliers) | C30: =D30*D$11+E30*E$11+F30*F$11+G30*G$11+H30*H$11+I30*I$11+J30*J$11+K30*K$11+L30*L$11+M30*$M$11+N30*$N$11 -> 23250 | F30: 5 | I30: 25 | O30: =SUM(D30:N30) -> 30
B31: Construction des scénarios cibles | C31: =D31*D$11+E31*E$11+F31*F$11+G31*G$11+H31*H$11+I31*I$11+J31*J$11+K31*K$11+L31*L$11+M31*$M$11+N31*$N$11 -> 7800 | F31: 2 | I31: 8 | O31: =SUM(D31:N31) -> 10
B32: 2 COPILS | C32: =D32*D$11+E32*E$11+F32*F$11+G32*G$11+H32*H$11+I32*I$11+J32*J$11+K32*K$11+L32*L$11+M32*$M$11+N32*$N$11 -> 3900 | F32: 1 | I32: 4 | O32: =SUM(D32:N32) -> 5
C33: =D33*D$11+E33*E$11+F33*F$11+G33*G$11+H33*H$11+I33*I$11+J33*J$11+K33*K$11+L33*L$11+M33*$M$11+N33*$N$11 -> 0 | O33: =SUM(D33:N33) -> 0
C34: =D34*D$11+E34*E$11+F34*F$11+G34*G$11+H34*H$11+I34*I$11+J34*J$11+K34*K$11+L34*L$11+M34*$M$11+N34*$N$11 -> 0 | O34: =SUM(D34:N34) -> 0
B36: Phase 3: Rédaction du SDN | C36: =SUM(C37:C41) -> 10200 | D36: =SUM(D37:D41) -> 0 | E36: =SUM(E37:E41) -> 0 | F36: =SUM(F37:F41) -> 3 | G36: =SUM(G37:G41) -> 0 | H36: =SUM(H37:H41) -> 0 | I36: =SUM(I37:I41) -> 10 | J36: =SUM(J37:J41) -> 0 | ... N36: =SUM(N37:N41) -> 0 | O36: =SUM(D36:N36) -> 13
B37: Construction de la trajectoire | C37: =D37*D$11+E37*E$11+F37*F$11+G37*G$11+H37*H$11+I37*I$11+J37*J$11+K37*K$11+L37*L$11+M37*$M$11+N37*$N$11 -> 1500 | I37: 2 | O37: =SUM(D37:N37) -> 2
B38: Feuille de route et budget de la transformation | C38: =D38*D$11+E38*E$11+F38*F$11+G38*G$11+H38*H$11+I38*I$11+J38*J$11+K38*K$11+L38*L$11+M38*$M$11+N38*$N$11 -> 5550 | F38: 2 | I38: 5 | O38: =SUM(D38:N38) -> 7
B39: COPIL de validation du SDN | C39: =D39*D$11+E39*E$11+F39*F$11+G39*G$11+H39*H$11+I39*I$11+J39*J$11+K39*K$11+L39*L$11+M39*$M$11+N39*$N$11 -> 3150 | F39: 1 | I39: 3 | O39: =SUM(D39:N39) -> 4
C40: =D40*D$11+E40*E$11+F40*F$11+G40*G$11+H40*H$11+I40*I$11+J40*J$11+K40*K$11+L40*L$11+M40*$M$11+N40*$N$11 -> 0 | O40: =SUM(D40:N40) -> 0
C41: =D41*D$11+E41*E$11+F41*F$11+G41*G$11+H41*H$11+I41*I$11+J41*J$11+K41*K$11+L41*L$11+M41*$M$11+N41*$N$11 -> 0 | O41: =SUM(D41:N41) -> 0
B43: Phase 4 : Support au déploiement (6 mois) | C43: =SUM(C44:C48) -> 35100 | D43: =SUM(D44:D48) -> 0 | E43: =SUM(E44:E48) -> 0 | F43: =SUM(F44:F48) -> 9 | G43: =SUM(G44:G48) -> 0 | H43: =SUM(H44:H48) -> 0 | I43: =SUM(I44:I48) -> 36 | J43: =SUM(J44:J48) -> 0 | ... N43: =SUM(N44:N48) -> 0 | O43: =SUM(D43:N43) -> 45
B44: Préparation et aniamtion de 6 COPILS | C44: =D44*D$11+E44*E$11+F44*F$11+G44*G$11+H44*H$11+I44*I$11+J44*J$11+K44*K$11+L44*L$11+M44*$M$11+N44*$N$11 -> 11700 | F44: 3 | I44: 12 | O44: =SUM(D44:N44) -> 15
B45: Définition de la stratégie de communication | C45: =D45*D$11+E45*E$11+F45*F$11+G45*G$11+H45*H$11+I45*I$11+J45*J$11+K45*K$11+L45*L$11+M45*$M$11+N45*$N$11 -> 2400 | F45: 1 | I45: 2 | O45: =SUM(D45:N45) -> 3
B46: Réalisation des actions de communication | C46: =D46*D$11+E46*E$11+F46*F$11+G46*G$11+H46*H$11+I46*I$11+J46*J$11+K46*K$11+L46*L$11+M46*$M$11+N46*$N$11 -> 21000 | F46: 5 | I46: 22 | O46: =SUM(D46:N46) -> 27
C47: =D47*D$11+E47*E$11+F47*F$11+G47*G$11+H47*H$11+I47*I$11+J47*J$11+K47*K$11+L47*L$11+M47*$M$11+N47*$N$11 -> 0 | O47: =SUM(D47:N47) -> 0
C48: =D48*D$11+E48*E$11+F48*F$11+G48*G$11+H48*H$11+I48*I$11+J48*J$11+K48*K$11+L48*L$11+M48*$M$11+N48*$N$11 -> 0 | O48: =SUM(D48:N48) -> 0

Sheet Planifié&Realisé
A2: Date de révue | B2: 43188 | E2: PYRAMIDE EN JH PROPOSITION
E8: ='Fiche Mission Propal'!D8 -> 0 | F8: ='Fiche Mission Propal'!E8 -> 0 | G8: ='Fiche Mission Propal'!F8 -> 0.19469027 | H8: ='Fiche Mission Propal'!G8 -> 0 | I8: ='Fiche Mission Propal'!H8 -> 0 | J8: ='Fiche Mission Propal'!I8 -> 0.80530973 | K8: ='Fiche Mission Propal'!J8 -> 0 | L8: ='Fiche Mission Propal'!K8 -> 0 | ... O8: ='Fiche Mission Propal'!N8 -> 0
E9: ='Fiche Mission Propal'!D9 -> FON | F9: ='Fiche Mission Propal'!E9 -> DAS | G9: ='Fiche Mission Propal'!F9 -> DMS | H9: ='Fiche Mission Propal'!G9 -> MAN34 | I9: ='Fiche Mission Propal'!H9 -> MAN12 | J9: ='Fiche Mission Propal'!I9 -> SEN34 | K9: ='Fiche Mission Propal'!J9 -> SEN12 | L9: ='Fiche Mission Propal'!K9 -> ASC | ... O9: ='Fiche Mission Propal'!N9 -> STT Exter
D10: ='Fiche Mission Propal'!C11 -> TJM vendu | E10: ='Fiche Mission Propal'!D11 -> 0 | F10: ='Fiche Mission Propal'!E11 -> 0 | G10: ='Fiche Mission Propal'!F11 -> 900 | H10: ='Fiche Mission Propal'!G11 -> 0 | I10: ='Fiche Mission Propal'!H11 -> 0 | J10: ='Fiche Mission Propal'!I11 -> 750 | K10: ='Fiche Mission Propal'!J11 -> 0 | ... O10: ='Fiche Mission Propal'!N11 -> 0
D11: ='Fiche Mission Propal'!C12 -> Staffing | E11: ='Fiche Mission Propal'!D12 -> 0 | F11: ='Fiche Mission Propal'!E12 -> 0 | G11: ='Fiche Mission Propal'!F12 -> F. Delaunay | H11: ='Fiche Mission Propal'!G12 -> 0 | I11: ='Fiche Mission Propal'!H12 -> 0 | J11: ='Fiche Mission Propal'!I12 -> B. Morel | K11: ='Fiche Mission Propal'!J12 -> 0 | ... O11: ='Fiche Mission Propal'!N12 -> 0
D12: Staffing réel | G12: F. Delaunay | J12: B. Morel
P14: TOTAL JH
C15: Réalisé à date | D15: =E15*E$10+F15*F$10+G15*G$10+H15*H$10+I15*I$10+J15*J$10+K15*K$10+L15*L$10+M15*M$10 -> 9000 | G15: 10 | P15: =SUM(E15:M15) -> 10
C16: Reste a réaliser | D16: =D29-D15 -> 79050
C17: Au planing pour terminer | D17: =E17*E$10+F17*F$10+G17*G$10+H17*H$10+I17*I$10+J17*J$10+K17*K$10+L17*L$10+M17*M$10 -> 88050 | G17: 22 | J17: 91 | P17: =SUM(E17:M17) -> 113
C18: Atterrissage | D18: =E18*E$10+F18*F$10+G18*G$10+H18*H$10+I18*I$10+J18*J$10+K18*K$10+L18*L$10+M18*M$10+N18*$N$10+O18*$O$10 -> 97050 | E18: =E15+E17 -> 0 | F18: =F15+F17 -> 0 | G18: =G15+G17 -> 32 | H18: =H15+H17 -> 0 | I18: =I15+I17 -> 0 | J18: =J15+J17 -> 91 | K18: =K15+K17 -> 0 | L18: =L15+L17 -> 0 | ... O18: =O15+O17 -> 0 | P18: =SUM(E18:M18) -> 123
C19: Ecart à la proposition commerciale | D19: =D29-D18 -> -9000 | E19: =E29-E18 -> 0 | F19: =F29-F18 -> 0 | G19: =G29-G18 -> -10 | H19: =H29-H18 -> 0 | I19: =I29-I18 -> 0 | J19: =J29-J18 -> 0 | K19: =K29-K18 -> 0 | ... O19: =O29-O18 -> 0 | P19: =SUM(E19:M19) -> -10
E20: =-E18/$P$18 -> 0 | F20: =-F18/$P$18 -> 0 | G20: =-G18/$P$18 -> -0.2601626 | H20: =-H18/$P$18 -> 0 | I20: =-I18/$P$18 -> 0 | J20: =-J18/$P$18 -> -0.7398374 | K20: =-K18/$P$18 -> 0 | L20: =-L18/$P$18 -> 0 | ... O20: =-O18/$P$18 -> 0
B21: MONTANT | C21: TJM
A22: Total au TJM budget | B22: ='Fiche Mission Propal'!D15 -> 94650 | C22: ='Fiche Mission Propal'!E15 -> 837.61062
A23: Total au TJM vendu | B23: ='Fiche Mission Propal'!D16 -> 88050 | C23: ='Fiche Mission Propal'!E16 -> 779.20354
A24: Total atterrissage | B24: =D18 -> 97050 | C24: =B24/P18 -> 789.02439
A26: Atterrissage vs Proposition | B26: =(B23-B24)/B23 -> -0.10221465 | E26: PYRAMIDE EN JH ATTERRISSAGE
E28: JOURS HOMME PROPOSITION | P28: TOTAL JH
C29: TOTAL MISSION PROPOSITION | D29: ='Fiche Mission Propal'!C20 -> 88050 | E29: ='Fiche Mission Propal'!D20 -> 0 | F29: ='Fiche Mission Propal'!E20 -> 0 | G29: ='Fiche Mission Propal'!F20 -> 22 | H29: ='Fiche Mission Propal'!G20 -> 0 | I29: ='Fiche Mission Propal'!H20 -> 0 | J29: ='Fiche Mission Propal'!I20 -> 91 | K29: ='Fiche Mission Propal'!J20 -> 0 | ... P29: ='Fiche Mission Propal'!O20 -> 113
C30: ='Fiche Mission Propal'!B21 -> 0 | D30: ='Fiche Mission Propal'!C21 -> 0 | E30: ='Fiche Mission Propal'!D21 -> 0 | F30: ='Fiche Mission Propal'!E21 -> 0 | G30: ='Fiche Mission Propal'!F21 -> 0 | H30: ='Fiche Mission Propal'!G21 -> 0 | I30: ='Fiche Mission Propal'!H21 -> 0 | J30: ='Fiche Mission Propal'!I21 -> 0 | ... O30: ='Fiche Mission Propal'!N21 -> 0
C31: ='Fiche Mission Propal'!B22 -> Phase 1 : Etat des lieux | D31: ='Fiche Mission Propal'!C22 -> 7800 | E31: ='Fiche Mission Propal'!D22 -> 0 | F31: ='Fiche Mission Propal'!E22 -> 0 | G31: ='Fiche Mission Propal'!F22 -> 2 | H31: ='Fiche Mission Propal'!G22 -> 0 | I31: ='Fiche Mission Propal'!H22 -> 0 | J31: ='Fiche Mission Propal'!I22 -> 8 | ... P31: ='Fiche Mission Propal'!O22 -> 10
C32: ='Fiche Mission Propal'!B23 -> Réunion de lancement | D32: ='Fiche Mission Propal'!C23 -> 1650 | E32: ='Fiche Mission Propal'!D23 -> 0 | F32: ='Fiche Mission Propal'!E23 -> 0 | G32: ='Fiche Mission Propal'!F23 -> 1 | H32: ='Fiche Mission Propal'!G23 -> 0 | I32: ='Fiche Mission Propal'!H23 -> 0 | J32: ='Fiche Mission Propal'!I23 -> 1 | ... P32: ='Fiche Mission Propal'!O23 -> 2
C33: ='Fiche Mission Propal'!B24 -> Collecte d’information et interviews individuelles | D33: ='Fiche Mission Propal'!C24 -> 750 | E33: ='Fiche Mission Propal'!D24 -> 0 | F33: ='Fiche Mission Propal'!E24 -> 0 | G33: ='Fiche Mission Propal'!F24 -> 0 | H33: ='Fiche Mission Propal'!G24 -> 0 | I33: ='Fiche Mission Propal'!H24 -> 0 | J33: ='Fiche Mission Propal'!I24 -> 1 | ... P33: ='Fiche Mission Propal'!O24 -> 1
C34: ='Fiche Mission Propal'!B25 -> Elaboration des cartographies de maturité du SI | D34: ='Fiche Mission Propal'!C25 -> 3750 | E34: ='Fiche Mission Propal'!D25 -> 0 | F34: ='Fiche Mission Propal'!E25 -> 0 | G34: ='Fiche Mission Propal'!F25 -> 0 | H34: ='Fiche Mission Propal'!G25 -> 0 | I34: ='Fiche Mission Propal'!H25 -> 0 | J34: ='Fiche Mission Propal'!I25 -> 5 | ... P34: ='Fiche Mission Propal'!O25 -> 5
C35: ='Fiche Mission Propal'!B26 -> COPIL de synthèse | D35: ='Fiche Mission Propal'!C26 -> 1650 | E35: ='Fiche Mission Propal'!D26 -> 0 | F35: ='Fiche Mission Propal'!E26 -> 0 | G35: ='Fiche Mission Propal'!F26 -> 1 | H35: ='Fiche Mission Propal'!G26 -> 0 | I35: ='Fiche Mission Propal'!H26 -> 0 | J35: ='Fiche Mission Propal'!I26 -> 1 | ... P35: ='Fiche Mission Propal'!O26 -> 2
C36: ='Fiche Mission Propal'!B27 -> 0 | D36: ='Fiche Mission Propal'!C27 -> 0 | E36: ='Fiche Mission Propal'!D27 -> 0 | F36: ='Fiche Mission Propal'!E27 -> 0 | G36: ='Fiche Mission Propal'!F27 -> 0 | H36: ='Fiche Mission Propal'!G27 -> 0 | I36: ='Fiche Mission Propal'!H27 -> 0 | J36: ='Fiche Mission Propal'!I27 -> 0 | ... P36: ='Fiche Mission Propal'!O27 -> 0
C38: ='Fiche Mission Propal'!B29 -> Phase 2 : Définition de la cible | D38: ='Fiche Mission Propal'!C29 -> 34950 | E38: ='Fiche Mission Propal'!D29 -> 0 | F38: ='Fiche Mission Propal'!E29 -> 0 | G38: ='Fiche Mission Propal'!F29 -> 8 | H38: ='Fiche Mission Propal'!G29 -> 0 | I38: ='Fiche Mission Propal'!H29 -> 0 | J38: ='Fiche Mission Propal'!I29 -> 37 | ... P38: ='Fiche Mission Propal'!O29 -> 45
C39: ='Fiche Mission Propal'!B30 -> Ateliers de travail d'indentification des projets (12 ateliers) | D39: ='Fiche Mission Propal'!C30 -> 23250 | E39: ='Fiche Mission Propal'!D30 -> 0 | F39: ='Fiche Mission Propal'!E30 -> 0 | G39: ='Fiche Mission Propal'!F30 -> 5 | H39: ='Fiche Mission Propal'!G30 -> 0 | I39: ='Fiche Mission Propal'!H30 -> 0 | J39: ='Fiche Mission Propal'!I30 -> 25 | ... P39: ='Fiche Mission Propal'!O30 -> 30
C40: ='Fiche Mission Propal'!B31 -> Construction des scénarios cibles | D40: ='Fiche Mission Propal'!C31 -> 7800 | E40: ='Fiche Mission Propal'!D31 -> 0 | F40: ='Fiche Mission Propal'!E31 -> 0 | G40: ='Fiche Mission Propal'!F31 -> 2 | H40: ='Fiche Mission Propal'!G31 -> 0 | I40: ='Fiche Mission Propal'!H31 -> 0 | J40: ='Fiche Mission Propal'!I31 -> 8 | ... P40: ='Fiche Mission Propal'!O31 -> 10
C41: ='Fiche Mission Propal'!B32 -> 2 COPILS | D41: ='Fiche Mission Propal'!C32 -> 3900 | E41: ='Fiche Mission Propal'!D32 -> 0 | F41: ='Fiche Mission Propal'!E32 -> 0 | G41: ='Fiche Mission Propal'!F32 -> 1 | H41: ='Fiche Mission Propal'!G32 -> 0 | I41: ='Fiche Mission Propal'!H32 -> 0 | J41: ='Fiche Mission Propal'!I32 -> 4 | ... P41: ='Fiche Mission Propal'!O32 -> 5
C42: ='Fiche Mission Propal'!B33 -> 0 | D42: ='Fiche Mission Propal'!C33 -> 0 | E42: ='Fiche Mission Propal'!D33 -> 0 | F42: ='Fiche Mission Propal'!E33 -> 0 | G42: ='Fiche Mission Propal'!F33 -> 0 | H42: ='Fiche Mission Propal'!G33 -> 0 | I42: ='Fiche Mission Propal'!H33 -> 0 | J42: ='Fiche Mission Propal'!I33 -> 0 | ... P42: ='Fiche Mission Propal'!O33 -> 0
C43: ='Fiche Mission Propal'!B34 -> 0 | D43: ='Fiche Mission Propal'!C34 -> 0 | E43: ='Fiche Mission Propal'!D34 -> 0 | F43: ='Fiche Mission Propal'!E34 -> 0 | G43: ='Fiche Mission Propal'!F34 -> 0 | H43: ='Fiche Mission Propal'!G34 -> 0 | I43: ='Fiche Mission Propal'!H34 -> 0 | J43: ='Fiche Mission Propal'!I34 -> 0 | ... P43: ='Fiche Mission Propal'!O34 -> 0
... C57: ='Fiche Mission Propal'!B48 -> 0 | D57: ='Fiche Mission Propal'!C48 -> 0 | E57: ='Fiche Mission Propal'!D48 -> 0 | F57: ='Fiche Mission Propal'!E48 -> 0 | G57: ='Fiche Mission Propal'!F48 -> 0 | H57: ='Fiche Mission Propal'!G48 -> 0 | I57: ='Fiche Mission Propal'!H48 -> 0 | J57: ='Fiche Mission Propal'!I48 -> 0 | ... P57: ='Fiche Mission Propal'!O48 -> 0

Sheet Données Base
B2: FON | C2: DAS | D2: DMS | E2: MAN34 | F2: MAN12 | G2: SEN34 | H2: SEN12 | I2: ANC | J2: AND
A3: Prix de vente budget | B3: 1600 | C3: 1500 | D3: 1200 | E3: 1000 | F3: 900 | G3: 750 | H3: 750 | I3: 600 | J3: 600

Sheet Feuil1
G1: Propal | K1: Réel
A2: Code Mission | B2: Client | C2: Nom mission | D2: Date propal | E2: Associé | F2: Date de revue | G2: Total mission € | H2: Total mission JH | I2: TJM | J2: Marge sur TJM Budget | K2: Réalisé en € | L2: Réalisé en JH | M2: Au planing pour terminer € | N2: JH Au planing pour terminer € | O2: Atterissage | P2: Ecart V/S propal en € | Q2: Ecart V/S propal en JH | R2: Ecart V/S propal en %
A3: =CSV!A3 -> XXXX | B3: =CSV!B3 -> IRD | C3: =CSV!C3 -> Schéma Directeur des SI | D3: =CSV!D3 -> 43115 | E3: =CSV!E3 -> G. Scognamiglio | F3: =CSV!F3 -> 43188 | G3: =CSV!G3 -> 88050 | H3: =CSV!H3 -> 113 | ... R3: =CSV!R3 -> -0.10221465

Sheet CSV
A2: Code Mission | B2: Client | C2: Nom mission | D2: Date propal | E2: Associé | F2: Date de revue | G2: Total mission € | H2: Total mission JH | I2: TJM | J2: Marge sur TJM Budget | K2: Réalisé en € | L2: Réalisé en JH | M2: Au planing pour terminer € | N2: JH Au planing pour terminer € | O2: Atterissage | P2: Ecart V/S propal en € | Q2: Ecart V/S propal en JH | R2: Ecart V/S propal en %
A3: ='Fiche Mission Propal'!B2 -> XXXX | B3: ='Fiche Mission Propal'!B3 -> IRD | C3: ='Fiche Mission Propal'!B4 -> Schéma Directeur des SI | D3: ='Fiche Mission Propal'!B5 -> 43115 | E3: ='Fiche Mission Propal'!B6 -> G. Scognamiglio | F3: ='Planifié&Realisé'!B2 -> 43188 | G3: ='Fiche Mission Propal'!C20 -> 88050 | H3: ='Fiche Mission Propal'!O20 -> 113 | I3: ='Fiche Mission Propal'!E16 -> 779.20354 | J3: ='Fiche Mission Propal'!D17 -> -0.069730586 | K3: ='Planifié&Realisé'!D15 -> 9000 | L3: ='Planifié&Realisé'!P15 -> 10 | M3: ='Planifié&Realisé'!D17 -> 88050 | N3: ='Planifié&Realisé'!P17 -> 113 | O3: ='Planifié&Realisé'!D18 -> 97050 | P3: ='Planifié&Realisé'!D19 -> -9000 | Q3: ='Planifié&Realisé'!P19 -> -10 | R3: ='Planifié&Realisé'!B26 -> -0.10221465
